 Dungeon Crawl Stone Soup version 0.31-a0-875-g02e7d12df6 (webtiles) character file.

Game seed: 16362130409541698713

151 Maratek the Chopper (level 5, -3/47 HPs)
             Began as a Minotaur Fighter on Oct 12, 2023.
             Slain by Natasha (6 damage)
             ... on level 2 of the Dungeon.
             The game lasted 00:02:21 (2023 turns).

Maratek the Chopper (Minotaur Fighter)              Turns: 2023, Time: 00:02:23

Health: -3/47      AC:  7    Str: 22    XL:     5   Next: 10%
Magic:  4/4        EV: 10    Int:  5    God:
Gold:   132        SH:  4    Dex: 10    Spells: 4/4 levels left

rFire   . . .        a - +0 war axe
rCold   . . .        c - +0 buckler
rNeg    . . .        o - +0 ring mail of Precision Catastrophes {rPois Stlth+}
rPois   +            (helmet restricted)
rElec   .            (no cloak)
rCorr   .            m - +0 pair of gloves
SInv    .            (no boots)
Will    .....        (no amulet)
Stlth   +            s - ring of flight
HPRegen 0.27/turn    (no ring)
MPRegen 0.09/turn

%: no passive effects
@: flying
A: horns 2, retaliatory headbutt
a: no special abilities


You were on level 2 of the Dungeon.
You visited 1 branch of the dungeon, and saw 3 of its levels.

You collected 132 gold pieces.

Inventory:

Hand Weapons
 a - a +0 war axe (weapon)
Missiles
 e - a throwing net
Armour
 c - a +0 buckler (worn)
 m - a +0 pair of gloves (worn)
 o - the +0 ring mail of Precision Catastrophes (worn) {rPois Stlth+}
   (You found it on level 2 of the Dungeon)

   rPois:     It protects you from poison Stlth+: It makes you more stealthy.
Jewellery
 s - a ring of flight (left hand)
Scrolls
 f - a scroll of amnesia
 g - a scroll of fear
 n - a scroll of blinking {unknown}
 p - a scroll of enchant weapon {unknown}
 r - a scroll of silence {unknown}
Potions
 b - a potion of brilliance {unknown}
 d - a potion of might
 i - a potion of mutation {unknown}
 j - 2 potions of cancellation {unknown}
 q - 2 potions of curing {unknown}


   Skills:
 + Level 4.3 Fighting
 + Level 4.6 Axes
 + Level 4.5 Armour
 + Level 0.6 Dodging
 + Level 4.2 Shields


You had 4 spell levels left.
You didn't know any spells.
Your spell library was empty.

Dungeon Overview and Level Annotations

Branches:
Dungeon (3/15)

Altars:
Nemelex Xobeh

Annotations:
D:2 Natasha
D:3 Grinder


Innate Abilities, Weirdness & Mutations

You have a pair of horns on your head.
You reflexively headbutt those who attack you in melee.


Message History

You are too injured to fight recklessly!
Unknown command.
You are too injured to fight recklessly!
Unknown command.
Natasha attacks as she pursues you! You block Natasha's attack.
Natasha attacks as she pursues you! Natasha claws you.
* * * LOW HITPOINT WARNING * * *
The cerulean imp attacks as it pursues you!
The cerulean imp hits you but does no damage.
Grinder blinks!
The cerulean imp attacks as it pursues you!
The cerulean imp hits you but does no damage.
Natasha mumbles some strange words.
Natasha glows brightly for a moment.
Natasha attacks as she pursues you! Natasha claws you.
* * * LOW HITPOINT WARNING * * *
The cerulean imp hits you but does no damage.
Natasha barely misses you. You block the cerulean imp's attack.
The cerulean imp hits you but does no damage.
There is a stone staircase leading up here.
Natasha claws you but does no damage.
The cerulean imp hits you but does no damage.
The cerulean imp hits you from afar with a +2 spear.
* * * LOW HITPOINT WARNING * * *
You fly upwards.
The cerulean imp disappears in a puff of smoke! x2
There is a stone staircase leading down here.
You are too injured to fight recklessly!
Unknown command.
You are too injured to fight recklessly!
Unknown command.
You are too injured to fight recklessly!
You hit Natasha.
Natasha is moderately wounded.
Natasha casts a spell at you. The magic dart hits you.
* * * LOW HITPOINT WARNING * * *
Natasha claws you.
You die...
Natasha begins licking her fur clean.

#.# ######.# ##...##.#
.....##.########
##.............########
#####...##...........###
#.....#.##.##.###...# ##
##...##.##...h# #.#?# .#
##.###.###.@.###.#.#
.#### #..#..###.#.....#.#
....###..............##.#
###..##.....###.#.#..##.#
.###.#..._..# #......##.#
.# #........# ###.......#
.###........# ##.#.#####
.##.........####....#
..'.........+.......#


You could see Natasha.

Vanquished Creatures
  Terence (D:2)
  Robin (D:2)
  4 adders (D:2)
  A worm (D:2)
  2 dart slugs (D:1)
  5 ball pythons
  5 endoplasms
  2 giant cockroaches
  10 goblins
  12 hobgoblins
  7 jackals
  A quokka (D:2)
  5 bats
  4 frilled lizards
  2 kobolds (D:1)
  2 rats (D:1)
64 creatures vanquished.

Notes
Turn   | Place    | Note
-------+----------+-------------------------------------------
     0 | D:1      | Maratek the Minotaur Fighter began the quest for the Orb.
     0 | D:1      | Reached XP level 1. HP: 19/19 MP: 0/0
   225 | D:1      | Reached XP level 2. HP: 27/27 MP: 1/1
   617 | D:1      | Reached XP level 3. HP: 33/33 MP: 2/2
  1130 | D:2      | Found a faded altar of an unknown god.
  1186 | D:2      | Noticed Robin
  1195 | D:2      | Killed Robin
  1291 | D:2      | Reached XP level 4. HP: 40/40 MP: 3/3
  1306 | D:2      | Found a sparkling altar of Nemelex Xobeh.
  1351 | D:2      | Noticed Terence
  1358 | D:2      | Killed Terence
  1676 | D:2      | Identified the +0 ring mail of Precision Catastrophes
                  | {rPois Stlth+}
  1889 | D:2      | Reached XP level 5. HP: 47/47 MP: 4/4
  2006 | D:3      | Noticed Grinder
  2008 | D:3      | Paralysed by Grinder for 5 turns
  2011 | D:3      | Noticed Natasha
  2023 | D:2      | Slain by Natasha

Illustrated notes

Levels and vault maps discovered:
D:1:      orjb1_clovarrival, layout_loops_corners, serial_forest,
          infiniplex_forest_clump_diagonal, infiniplex_forest_end_1,
          infiniplex_forest_clump_long, infiniplex_forest_end_double
D:2:      layout_loops_corners, basic_altar, hellmonk_ecumenical_altar_blasted,
          minmay_misc_feat_pillars, hex_large, minmay_joined_circles,
          uniq_terence, uniq_robin
D:3:      layout_basic, cheibrodos_gnoll_hut, uniq_grinder, uniq_natasha

Skill      XL: |  1  2  3  4 |
---------------+-------------+-----
Shields        | 4 |  4.2
Fighting       | 4 |  4.3
Armour         | 4 |  4.5
Axes           | 3 4 |  4.6
Dodging        | |  0.6

Action                     |  1- 3 |  4- 6 || total
---------------------------+-------+-------++-------
  Melee: War axe           |    60 |    49 ||   109
         Headbutt          |    12 |     2 ||    14
    Use: Scroll            |       |     3 ||     3
   Stab: Sleeping          |       |     1 ||     1
 Armour: Scale mail        |    37 |    12 ||    49
         Ring mail         |       |    31 ||    31
  Dodge: Dodged            |    35 |    27 ||    62
  Block: Buckler           |    20 |    10 ||    30

Table legend: (Time is in decaauts)
 A = Elapsed time spent in this place.
 B = Non-inter-level travel time spent in this place.
 C = Inter-level travel time spent in this place.
 D = Time resting spent in this place.
 E = Time spent auto-exploring this place.
 F = Levels seen in this place.
 G = Mean time per level.
                   A        B        C        D        E       F      G
               +--------+--------+--------+--------+--------+-----+--------+
         Total |   2075 |   2013 |     62 |      0 |   1695 |   3 |  691.7 |
       Dungeon |   2075 |   2013 |     62 |      0 |   1695 |   3 |  691.7 |
               +--------+--------+--------+--------+--------+-----+--------+

Top non-repeatable levels by time:
     D:1: 1085 daAuts
     D:2: 972 daAuts
     D:3: 17 daAuts
